 Dungeon Crawl Stone Soup version 0.23-a0-449-g8e4cbf7 (webtiles) character file.

133 Lavandula the Gusty (level 5, -3/42 HPs)
             Began as a Naga Air Elementalist on Nov 22, 2018.
             Slain by a phantom (9 damage)
             ... on level 4 of the Dungeon.
             The game lasted 00:04:38 (547 turns).

Lavandula the Gusty (Naga Air Elementalist)          Turns: 547, Time: 00:04:39

Health: -3/42      AC:  2    Str: 10    XL:     5   Next: 16%
Magic:  7/9        EV: 10    Int: 17    God:
Gold:   10         SH:  0    Dex: 14    Spells: 9/10 levels left

rFire    + . .     SeeInvis +   i - +0 mace (protect)
rCold    . . .     Gourm    .   (no shield)
rNeg     . . .     Faith    .   a - +0 robe
rPois    +         Spirit   .   (no helmet)
rElec    .         Reflect  .   (no cloak)
rCorr    .         Harm     .   (no gloves)
MR       .....                  (no barding)
Stlth    ++........             (no amulet)
HPRegen  0.14/turn              d - ring of flight
MPRegen  0.11/turn              j - ring of Astis {rF+ Dex+3 SInv}

@: very slow
A: large, see invisible, deformed body, poison resistance, slowness 2, slow
metabolism 1, spit poison 1, AC +1
a: Spit Poison, Evoke Flight


You were on level 4 of the Dungeon.
You were not hungry.

You visited 1 branch of the dungeon, and saw 4 of its levels.

You collected 10 gold pieces.

Inventory:

Hand Weapons
 b - a +0 dagger
 i - a +0 mace of protection (weapon)
Missiles
 h - 2 tomahawks (quivered)
Armour
 a - a +0 robe (worn)
 f - a +0 buckler
Jewellery
 d - a ring of flight (left hand)
 j - the ring of Astis (right hand) {rF+ Dex+3 SInv}
   (You found it on level 4 of the Dungeon)

   [ring of protection from fire]

   It affects your dexterity (+3).
   It protects you from fire.
   It lets you see invisible.
Scrolls
 g - a scroll of identify
Comestibles
 c - 2 rations


   Skills:
 - Level 1.5 Dodging
 - Level 3.0 Stealth
 - Level 3.1 Spellcasting
 - Level 1.0 Conjurations
 + Level 5.0 Air Magic


You had 9 spell levels left.
You knew the following spells:

 Your Spells              Type           Power        Failure   Level  Hunger
a - Shock                 Conj/Air       ##..         4%          1    None

Your spell library contained the following spells:

 Spells                   Type           Power        Failure   Level  Hunger
 Swiftness                Chrm/Air       ##......     10%         2    ##.....
 Static Discharge         Conj/Air       ##......     16%         3    ###....
 Airstrike                Air            ###.......   22%         4    ####...
 Lightning Bolt           Conj/Air       ##........   80%         5    ######.


Dungeon Overview and Level Annotations

Branches:
Dungeon (4/15)
 Temple: D:4-7

Altars:


Innate Abilities, Weirdness & Mutations

You cannot wear boots.
Your serpentine skin is tough. (AC +1)
You have supernaturally acute eyesight. (SInv)
Armour fits poorly on your strangely shaped body.
Your system is resistant to poisons. (rPois)
You cover ground very slowly.
You have a slow metabolism.
You can spit poison.


Message History

The phantom hits you.
* * * LOW HITPOINT WARNING * * *
Unknown command.
Okay, then.
As you read the scroll of fear, it crumbles to dust.
You assume a fearsome visage.
The orc looks frightened!
The phantom is unaffected.
The phantom closely misses you.
Unknown command.
Put on which piece of jewellery? (? for menu, Esc to quit)
You feel agile.
j - the ring of Astis (right hand) {rF+ Dex+3 SInv} Unknown command.
You aren't carrying any potions.
Unknown command.
You aren't carrying any items that you can evoke.
Unknown command.
Okay, then.
Unknown command.
The phantom hits you!
You die...

#. #......## #.#
#........
###..###........
#...............
#...............
#...........#
#..........#
#....W@....#
#.##a###......
#a.# ..... ##)##
.... #####..#
... #.ยง..#.#...
.. .
####.o...(.....
. ...
#....#####....g
.....#.#<....#
......


You could see a phantom and a worker ant.

Vanquished Creatures
  An orc priest (D:3)
  2 orc wizards
  A gnoll (D:4)
  An adder (D:2)
  A leopard gecko (D:2)
  7 orcs (D:3)
  3 giant cockroaches
  A goblin (D:2)
  3 hobgoblins
  2 kobolds
  A rat (D:3)
23 creatures vanquished.

Notes
Turn   | Place    | Note
-------+----------+-------------------------------------------
     0 | D:1      | Lavandula the Naga Air Elementalist began the quest for the
                  | Orb.
     0 | D:1      | Reached XP level 1. HP: 15/15 MP: 3/3
     3 | D:1      | Noticed an electric eel
     3 | D:1      | Noticed an electric eel
   115 | D:2      | Reached XP level 2. HP: 11/22 MP: 1/5
   202 | D:2      | You fall through a shaft!
   217 | D:3      | Reached XP level 3. HP: 26/28 MP: 2/7
   303 | D:3      | Reached XP level 4. HP: 17/36 MP: 4/8
   317 | D:3      | Reached skill level 4 in Air Magic
   402 | D:4      | Got a clouded iron ring
   518 | D:4      | Noticed a phantom
   540 | D:4      | Reached skill level 5 in Air Magic
   540 | D:4      | Reached XP level 5. HP: 15/42 MP: 7/9
   546 | D:4      | Identified the ring of Astis {rF+ Dex+3 SInv} (You found it
                  | on level 4 of the Dungeon)
   547 | D:4      | Slain by a phantom

Vault maps used:
D:1:      arrival_aquarium_b
D:2:      makhleb_blood_cavern_becter, uniq_jessica
D:3:      minmay_wonky_spiral, first_ration, minmay_checkerbox
D:4:      gammafunk_temple_overflow_elements, lightli_sewer_entry_pipes,
          tgw_xom, uniq_blork_the_orc

Skill      XL: |  1  2  3  4 |
---------------+-------------+-----
Spellcasting   | 3 |  3.1
Air Magic      | 5 |  5.0
Dodging        | |  1.5
Stealth        | |  3.0
Conjurations   | |  1.0

Action                   |  1- 3 |  4- 6 || total
-------------------------+-------+-------++-------
Melee: Dagger            |       |     1 ||     1
 Cast: Shock             |    18 |    17 ||    35
 Abil: Spit Poison       |    14 |     9 ||    23
  Use: Potion            |     1 |       ||     1
       Scroll            |       |     2 ||     2
Armor: Robe              |     1 |     3 ||     4
Dodge: Dodged            |     7 |     7 ||    14

Table legend:
 A = Non-vault XP
 B = Vault XP
 C = Vault XP percentage of total XP
 D = Non-vault monster count
 E = Vault monster count
 F = Vault count percentage of total count
                 A         B        C        D         E       F
            +---------+---------+-------+---------+---------+-------
      Total |     191 |       0 |   0.0 |      23 |       0 |   0.0
            +---------+---------+-------+---------+---------+-------
        D:1 |       2 |       0 |   0.0 |       1 |       0 |   0.0
        D:2 |      24 |       0 |   0.0 |       6 |       0 |   0.0
        D:3 |     109 |       0 |   0.0 |      14 |       0 |   0.0
        D:4 |      56 |       0 |   0.0 |       2 |       0 |   0.0
            +---------+---------+-------+---------+---------+-------
